 Dungeon Crawl Stone Soup version 0.26.1-11-gd32895ea62 (webtiles) character file.

Game seed: 10477200268807184406

67745 DildoBatman the Peltast (level 15, -4/126 HPs)
             Began as a Formicid Conjurer on July 15, 2021.
             Was an Initiate of Gozag.
             Slain by a seven-headed hydra (22 damage)
             ... on level 1 of the Lair of Beasts on July 17, 2021.
             The game lasted 02:06:53 (25570 turns).

DildoBatman the Peltast (Formicid Conjurer)        Turns: 25570, Time: 02:06:54

Health: -4/126     AC: 13    Str: 13    XL:     15   Next: 67%
Magic:  22/28      EV: 16    Int: 21    God:    Gozag
Gold:   2529       SH: 18    Dex: 14    Spells: 14/32 levels left

rFire    . . .     SeeInvis +   a - +8 quarterstaff of Yskorat {freeze, rN++}
rCold    . . .     Faith    .   l - +0 tower shield
rNeg     + + .     Spirit   .   o - +4 troll leather armour
rPois    +         Reflect  .   (helmet unavailable)
rElec    .         Harm     .   t - +0 cloak
rCorr    .         Rampage  .   (no gloves)
Will     +....                  j - +1 pair of boots
Stlth    +++.......             (no amulet)
HPRegen  0.71/turn              K - ring of stealth
MPRegen  0.21/turn              M - ring "Xubaen" {rPois Str+3}

@: no status effects
A: permanent stasis, dig shafts and tunnels, four strong arms, antennae 3,
talons 1, molten scales 1, clever 1, deformed body, robust 1, weak 1
a: Dig, Shaft Self, Renounce Religion, Potion Petition, Call Merchant, Bribe
Branch


You were on level 1 of the Lair of Beasts.
You worshipped Gozag.
Gozag was most pleased with you.
You visited 4 branches of the dungeon, and saw 19 of its levels.
You also visited: Ice Cave and Volcano.

You collected 5529 gold pieces.
You spent 1881 gold pieces at shops.
You paid 1119 gold pieces to Gozag.

Inventory:

Hand Weapons
 a - the +8 quarterstaff of Yskorat (weapon) {freeze, rN++}
   (You bought it in a shop on level 2 of the Orcish Mines)

   It has been specially enchanted to freeze those struck by it, causing extra
   injury to most foes and up to half again as much damage against particularly
   susceptible opponents.
   It can also slow down cold-blooded creatures.
   It greatly protects you from negative energy.
 b - a +2 hunting sling of flaming
 d - a +4 scimitar of flaming
 e - the +8 quarterstaff "Fezunt" {antimagic, rElec rN++ Will- Dex+3}
   (You found it on level 15 of the Dungeon)

   It reduces the magical energy of the wielder, and disrupts the spells and
   magical abilities of those hit.
   Natural abilities and divine invocations are not affected.
   It affects your dexterity (+3).
   It insulates you from electricity.
   It greatly protects you from negative energy.
   It affects your willpower, your defense against some magical effects.
Missiles
 c - 525 arrows
 g - 131 bolts
 h - 747 stones
 s - 146 sling bullets
 E - 2 throwing nets
Armour
 j - a +1 pair of boots (worn)
 l - a +0 tower shield (worn)
 o - a +4 troll leather armour (worn)
 t - a +0 cloak (worn)
Jewellery
 m - an uncursed ring of protection from cold
 u - an uncursed ring of protection from fire
 K - a ring of stealth (left hand)
 M - the ring "Xubaen" (right hand) {rPois Str+3}
   (You found it on level 14 of the Dungeon)

   [ring of poison resistance]

   It affects your strength (+3).
   It protects you from poison.
Wands
 r - a wand of iceblast (11)
 B - a wand of paralysis (7)
 D - a wand of flame (32)
 G - a wand of acid (9)
Scrolls
 f - a scroll of fog {unknown}
 i - 3 scrolls of immolation {unknown}
 x - 3 scrolls of remove curse
 z - 2 scrolls of identify
 C - a scroll of magic mapping
 F - 2 scrolls of torment {unknown}
 L - a scroll of holy word {unknown}
Potions
 k - a potion of curing
 n - 2 potions of brilliance
 q - 2 potions of heal wounds
 v - 2 potions of resistance
Miscellaneous
 w - a tin of tremorstones (2/2)
 N - a lightning rod (4/4)


   Skills:
 - Level 10.0 Fighting
 - Level 10.0 Armour
 - Level 7.0 Dodging
 - Level 2.4 Stealth
 - Level 15.0 Shields
 - Level 9.2 Spellcasting
 - Level 6.2 Conjurations
 - Level 12.7 Necromancy
 * Level 3.4 Fire Magic
 * Level 2.7 Air Magic
 - Level 4.0 Poison Magic
 - Level 4.9 Evocations


You had 14 spell levels left.
You knew the following spells:

 Your Spells              Type           Power        Failure   Level
a - Searing Ray           Conj           70%          1%          2
b - Conjure Flame         Conj/Fire      30%          3%          3
c - Magic Dart            Conj           100%         1%          1
d - Vampiric Draining     Necr           29%          1%          3
e - Mephitic Cloud        Conj/Pois/Air  27%          4%          3
h - Dispel Undead         Necr           58%          1%          4
z - Sublimation of Blood  Necr           29%          1%          2

Your spell library contained the following spells:

 Spells                   Type           Power        Failure   Level
 Pain                     Necr           100%         1%          1
 Corpse Rot               Necr/Air       N/A          1%          2
 Animate Dead             Necr           29%          1%          4
 Agony                    Necr           58%          1%          5
 Excruciating Wounds      Necr           29%          1%          5
 Dazzling Flash           Conj/Hex       44%          7%          3
 Call Imp                 Summ           9%           13%         2
 Slow                     Hex            9%           13%         2
 Fulminant Prism          Conj/Hex       11%          22%         4
 Iskenderun's Mystic Bla  Conj/Tloc      22%          22%         4
 Simulacrum               Ice/Necr       18%          67%         6
 Borgnjor's Revivificati  Necr           29%          96%         8
 Infestation              Necr           29%          96%         8
 Haunt                    Necr/Summ      18%          99%         7
 Necromutation            Tmut/Necr      18%          100%        8
 Death's Door             Necr           29%          100%        9
 Blink                    Tloc           Unusable     N/A         2

Dungeon Overview and Level Annotations

Branches:
Dungeon (15/15)            Temple (1/1) D:5            Lair (1/6) D:11
    Orc (2/2) D:9             Elf (0/3) Orc:2        Vaults (0/5) D:13
 Depths (0/5) D:15          IceCv (visited)         Volcano (visited)

Altars:
Ashenzari
Cheibriados
Dithmenos
Elyvilon
Fedhas
Gozag
Hepliaklqana
Kikubaaqudgha
Makhleb
Nemelex Xobeh
Okawaru
Qazlal
Ru
Sif Muna
Trog
Uskayaw
Vehumet
Wu Jian
Xom
Yredelemnul
Zin
The Shining One

Shops:
Orc:1 }   Orc:2 ((:?

Annotations:
D:6 exclusion: earth elemental
Lair:1 Descartes's ghost, novice TrCK


Innate Abilities, Weirdness & Mutations

You cannot be hasted, slowed, berserked, paralysed or teleported.
You can dig through walls and to a lower floor.
Your four strong arms can wield two-handed weapons with a shield.
You have a pair of large antennae on your head. (SInv)
You have sharp toenails.
You are partially covered in molten scales. (AC +2)
Your mind is acute. (Int +2)
Armour fits poorly on your strangely shaped body.
You are robust. (+10% HP)
You are weak. (Str -2)


Message History

The seven-headed hydra is lightly wounded.
You feel life coursing into your body! The seven-headed hydra misses you.
You block the seven-headed hydra's attack. x2
The seven-headed hydra bites you!
The seven-headed hydra barely misses you.
The seven-headed hydra bites you!
You block the seven-headed hydra's attack.
You block the moth of wrath's attack.
Casting: Vampiric Draining (safe; 1% risk of failure)
Confirm with . or Enter, or press ? or * to list all spells.
Aiming: Vampiric Draining (safe; 1% risk of failure)
Press: ? - help, Shift-Dir - straight line, f/p - seven-headed hydra
Aim: a seven-headed hydra (lightly wounded, berserk)
The seven-headed hydra is moderately wounded.
You feel life coursing into your body. The seven-headed hydra bites you.
The seven-headed hydra bites you!!
You die...
Your body crumbles into a pile of gold.

##### ##..# ###
♣#..######.#######
≈≈...............###
≈♣...######.####.#.###
P≈..####P##....yD....###
....# #.....####@###...##
...####.#####..###.##..P#
...###..#....#.)....##.P#
....##.##W..#...#....#.##
...^.#.#..y...#..##..#.##
.......#©.##..©..#...#..#
...#...#.....#.....#.##.#
...#...##.##..=###....#.#
....##..#....$?:$.#..##.#


You could see a seven-headed hydra (berserk) and a moth of wrath.

Vanquished Creatures
  Kirke (D:13)
  An ironheart preserver (D:13)
  The ghost of kalagan the Thaumaturge, a journeyman DECj of Sif Muna (Orc:2)
  A fire dragon (D:15)
  Harold (D:8)
  4 hydras
  A boulder beetle (D:10)
  A death knight (D:14)
  5 two-headed ogres
  3 centaur warriors
  A two-headed ogre (shapeshifter) (D:15)
  5 orc high priests (Orc:2)
  Sonja (D:11)
  A fire crab (Volcano)
  An unseen horror (D:7)
  A phantasmal warrior (D:14)
  7 orc knights
  3 ugly things
  A deep elf mage (D:13)
  2 orc sorcerers (Orc:2)
  3 cyclopes
  A manticore (D:11)
  6 centaur zombies
  2 molten gargoyles (Volcano)
  3 ice statues
  2 gargoyles (D:13)
  A cane toad (shapeshifter) (D:15)
  3 centaur skeletons
  3 komodo dragons
  4 freezing wraiths
  2 kobold demonologists (D:15)
  11 ice devils
  An efreet (D:15)
  A hydra zombie (D:11)
  12 trolls
  18 slime creatures
  3 polar bears
  A hornet (D:8)
  2 boulder beetle zombies (D:11)
  3 shadows (D:13)
  A wraith (D:12)
  A hog (D:13)
  A tarantella (shapeshifter) (D:15)
  6 humans (D:13)
  30 yaks
  7 fire bats (Volcano)
  2 water elementals (D:15)
  The ghost of Almogavar the Slasher, an amateur MiBe of Trog (D:3)
  4 wyverns
  A basilisk (D:13)
  5 vampire mosquitoes
  7 wargs
  2 acid dragons
  A human zombie (D:6)
  2 hell hounds (Volcano)
  4 water moccasins
  A hornet zombie (D:9)
  4 sky beasts
  13 orc zombies
  44 orc warriors
  2 black bears
  5 phantoms
  7 ice beasts
  8 wolves
  An eye of draining (D:10)
  An elf zombie (D:11)
  5 boggarts (D:15)
  12 centaurs
  11 ogres
  2 rime drake zombies (IceCv)
  A big kobold (D:11)
  3 rime drake skeletons (IceCv)
  A yaktaur zombie (D:8)
  14 bullfrogs
  A wyvern zombie (D:11)
  A hornet simulacrum (D:14)
  2 warg zombies (Orc:2)
  9 scorpions
  A troll zombie (Orc:2)
  A yak zombie (IceCv)
  6 killer bees
  6 howler monkeys
  4 electric eels
  2 bullfrog zombies
  6 lava snakes (Volcano)
  3 quasits
  A basilisk zombie (D:9)
  8 jellies
  37 orc priests
  3 bullfrog skeletons
  13 hounds
  27 orc wizards
  Jessica (D:2)
  A basilisk skeleton (D:11)
  3 iguanas
  10 worker ants
  2 killer bee zombies
  A sky beast zombie (D:11)
  An acid dragon skeleton (D:14)
  A hound skeleton (D:14)
  3 worker ant zombies
  4 gnolls (D:6)
  14 adders
  An orc skeleton (D:11)
  3 shadow imps
  28 white imps
  12 ufetubi
  4 adder zombies
  7 worms
  A worm (shapeshifter) (D:15)
  A dart slug (D:3)
  4 leopard geckos
  138 orcs
  16 bats
  A bat zombie (D:14)
  10 giant cockroaches
  16 goblins
  5 hobgoblins
  8 jackals
  6 quokkas
  A ball python (D:2)
  7 frilled lizards
  A giant cockroach zombie (D:6)
  2 jackal skeletons
  14 kobolds
  A leopard gecko skeleton (D:4)
  3 leopard gecko zombies
  3 quokka zombies
  3 rats
  A rat zombie (D:9)
803 creatures vanquished.

Vanquished Creatures (others)
  A reaper (IceCv)
  A hell hog (Volcano)
  A white imp (IceCv)
  3 ufetubi (IceCv)
  A fungus (Lair:1)
  14 plants
21 creatures vanquished.

Grand Total: 824 creatures vanquished

Notes
Turn   | Place    | Note
-------+----------+-------------------------------------------
     0 | D:1      | DildoBatman the Formicid Conjurer began the quest for the
                  | Orb.
     0 | D:1      | Reached XP level 1. HP: 13/13 MP: 3/3
   329 | D:1      | Reached XP level 2. HP: 15/19 MP: 1/5
   332 | D:1      | Learned a level 2 spell: Searing Ray
   726 | D:1      | Reached XP level 3. HP: 24/24 MP: 3/6
  1405 | D:2      | Reached XP level 4. HP: 16/30 MP: 2/7
  1494 | D:2      | Found a bloodstained altar of Trog.
  1576 | D:2      | Reached skill level 5 in Conjurations
  1588 | D:2      | Found a snail-covered altar of Cheibriados.
  1641 | D:2      | Found a white marble altar of Elyvilon.
  1728 | D:3      | Found an opulent altar of Gozag.
  1874 | D:3      | Found a runed translucent gate.
  1875 | D:3      | Found a runed translucent gate.
  1875 | D:3      | Noticed Almogavar's ghost (amateur MiBe)
  1876 | D:3      | Found a runed translucent gate.
  1927 | D:3      | Noticed Jessica
  2149 | D:3      | Reached XP level 5. HP: 31/35 MP: 5/8
  2170 | D:3      | Found a faded altar of an unknown god.
  2285 | D:3      | Found a radiant altar of Vehumet.
  2322 | D:3      | Reached XP level 6. HP: 39/41 MP: 1/9
  2742 | D:4      | Reached skill level 1 in Fighting
  2742 | D:4      | Reached skill level 1 in Armour
  2753 | D:4      | Got a polished leather armour
  2764 | D:4      | Identified the +0 leather armour of Ethereal Amelioration
                  | {Int+3} (You found it on level 4 of the Dungeon)
  2804 | D:4      | Found a sparkling altar of Nemelex Xobeh.
  3163 | D:4      | Noticed a phantom
  3239 | D:4      | Reached XP level 7. HP: 43/50 MP: 4/12
  3394 | D:5      | Entered Level 5 of the Dungeon
  3511 | D:5      | Found a staircase to the Ecumenical Temple.
  3523 | Temple   | Entered the Ecumenical Temple
  3619 | Temple   | Became a worshipper of Kikubaaqudgha
  3803 | D:5      | Found a glowing golden altar of the Shining One.
  3945 | D:5      | Found a blossoming altar of Fedhas.
  4132 | D:5      | Reached skill level 5 in Spellcasting
  4360 | D:5      | Reached XP level 8. HP: 35/56 MP: 9/16
  4400 | D:5      | Reached * piety under Kikubaaqudgha
  4400 | D:5      | Identified Kikubaaqudgha's Handbook of Black Rites
                  | (Kikubaaqudgha gifted it to you on level 5 of the Dungeon)
  4400 | D:5      | Received a gift from Kikubaaqudgha
  4405 | D:5      | Learned a level 2 spell: Sublimation of Blood
  4409 | D:5      | Learned a level 3 spell: Vampiric Draining
  4634 | D:6      | Noticed a fire elemental
  4651 | D:6      | Reached skill level 1 in Necromancy
  4668 | D:6      | Noticed an air elemental
  4670 | D:6      | Found a stormy altar of Qazlal.
  4671 | D:6      | Noticed a water elemental
  5153 | D:6      | Noticed a freezing wraith
  5153 | D:6      | Noticed an orc knight
  5153 | D:6      | Noticed a cyan ugly thing
  5353 | D:7      | Reached XP level 9. HP: 59/61 MP: 11/19
  5406 | D:7      | Reached skill level 5 in Necromancy
  5507 | D:7      | Noticed an unseen horror
  5515 | D:7      | Killed an unseen horror
  5720 | D:7      | Reached ** piety under Kikubaaqudgha
  5989 | D:8      | Noticed Harold
  6265 | D:8      | Reached XP level 10. HP: 58/70 MP: 16/20
  6781 | D:8      | Found a basalt altar of Yredelemnul.
  7124 | D:9      | Reached *** piety under Kikubaaqudgha
  7124 | D:9      | Identified Kikubaaqudgha's Guide on Stolen Souls
                  | (Kikubaaqudgha gifted it to you on level 9 of the Dungeon)
  7124 | D:9      | Received a gift from Kikubaaqudgha
  7131 | D:9      | Learned a level 4 spell: Dispel Undead
  7163 | D:9      | Reached skill level 1 in Shields
  7166 | D:9      | Reached skill level 5 in Fighting
  7166 | D:9      | Reached skill level 5 in Armour
  7169 | D:9      | Reached skill level 2 in Shields
  7322 | D:9      | Found a glowing silver altar of Zin.
  7402 | D:9      | Reached skill level 3 in Shields
  7414 | D:9      | Found a shimmering blue altar of Sif Muna.
  7444 | D:9      | Reached skill level 4 in Shields
  7634 | D:9      | Reached skill level 5 in Shields
  7791 | D:9      | Noticed a two-headed ogre
  7842 | D:9      | Reached skill level 6 in Shields
  7980 | D:9      | Reached **** piety under Kikubaaqudgha
  8066 | D:9      | Found a sacrificial altar of Ru.
  8127 | D:9      | Found a staircase to the Orcish Mines.
  8147 | D:9      | Reached skill level 7 in Shields
  8308 | D:9      | Killed a two-headed ogre
  8309 | D:9      | Reached skill level 8 in Shields
  8309 | D:9      | Reached XP level 11. HP: 39/79 MP: 3/21
  8400 | D:10     | Entered Level 10 of the Dungeon
  8406 | D:10     | Noticed a two-headed ogre
  8473 | D:10     | Reached skill level 9 in Shields
  8496 | D:10     | Killed a two-headed ogre
  8497 | D:10     | Reached skill level 10 in Shields
  8539 | D:10     | Found a flagged portal.
  8797 | D:10     | Reached skill level 11 in Shields
  9223 | D:9      | Gained mutation: You occasionally shout uncontrollably at
                  | your foes. [potion of mutation]
  9223 | D:9      | Gained mutation: You are partially covered in molten
                  | scales. (AC +2) [potion of mutation]
  9223 | D:9      | Gained mutation: You are robust. (+10% HP) [potion of
                  | mutation]
  9224 | D:9      | Lost mutation: You occasionally shout uncontrollably at
                  | your foes. [potion of mutation]
  9224 | D:9      | Gained mutation: You have sharp toenails. [potion of
                  | mutation]
  9224 | D:9      | Gained mutation: Armour fits poorly on your strangely
                  | shaped body. [potion of mutation]
  9224 | D:9      | Gained mutation: You are weak. (Str -2) [potion of
                  | mutation]
  9224 | D:9      | Gained mutation: Your mind is acute. (Int +2) [potion of
                  | mutation]
  9226 | Orc:1    | Entered Level 1 of the Orcish Mines
  9595 | Orc:1    | Found a dark tunnel.
  9619 | Orc:1    | Reached ***** piety under Kikubaaqudgha
  9657 | Volcano  | Entered a volcano
  9763 | Volcano  | Reached skill level 12 in Shields
 10300 | Volcano  | Found a radiant altar of Vehumet.
 10300 | Volcano  | Noticed a hell hog
 10313 | Volcano  | Killed a hell hog
 10314 | Volcano  | Reached skill level 13 in Shields
 10314 | Volcano  | Reached XP level 12. HP: 40/94 MP: 9/22
 10462 | Volcano  | Noticed a fire crab
 10512 | Volcano  | Killed a fire crab
 10936 | Orc:1    | Reached skill level 14 in Shields
 10997 | Orc:1    | Found Xeedik's Gadget Emporium.
 11467 | Orc:2    | Entered Level 2 of the Orcish Mines
 11665 | Orc:2    | Found a runed translucent gate.
 11666 | Orc:2    | Found a runed translucent gate.
 11667 | Orc:2    | Found a runed translucent gate.
 11674 | Orc:2    | Noticed kalagan's ghost (journeyman DECj)
 11767 | Orc:2    | Found a staircase to the Elven Halls.
 11875 | Orc:2    | Reached skill level 15 in Shields
 12369 | Orc:2    | Reached ****** piety under Kikubaaqudgha
 12385 | Orc:1    | Received a gift from Kikubaaqudgha
 12389 | Orc:1    | Fell from the grace of Kikubaaqudgha
 12482 | D:8      | Killed Harold
 12657 | Temple   | Became a worshipper of Gozag Ym Sagoz the Greedy
 12776 | D:3      | Killed Almogavar's ghost
 12832 | D:2      | Killed Jessica
 12985 | D:6      | Reached XP level 13. HP: 62/102 MP: 9/24
 14426 | Orc:2    | Reached skill level 5 in Dodging
 14426 | Orc:2    | Reached skill level 10 in Necromancy
 14886 | Orc:2    | Found Situzargh's Weapon Boutique.
 14889 | Orc:2    | Found Itho's Antique Weapon Boutique.
 14892 | Orc:2    | Found Okuob's Book Shop.
 14893 | Orc:2    | Found Ydoirgh's Magic Scroll Boutique.
 14902 | Orc:2    | Bought a slimy quarterstaff for 261 gold pieces
 14902 | Orc:2    | Identified the +8 quarterstaff of Yskorat {freeze, rN++}
                  | (You bought it in a shop on level 2 of the Orcish Mines)
 15103 | Orc:2    | Killed kalagan's ghost
 15382 | D:11     | Found a frozen archway.
 15434 | D:11     | Noticed a boulder beetle
 15497 | IceCv    | Entered an ice cave
 15552 | IceCv    | Killed a reaper
 16343 | IceCv    | HP: 5/107 [ice devil (8)]
 17076 | IceCv    | Reached XP level 14. HP: 76/116 MP: 12/26
 17726 | D:11     | Found a staircase to the Lair.
 17738 | D:11     | You fall into a shaft and drop 3 floors!
 18500 | D:14     | Was forgiven by Kikubaaqudgha
 19392 | D:13     | Got an ichor-stained flail
 19393 | D:13     | Identified the cursed +1 flail of Beyond {drain, +Inv
                  | Dex+2} (You found it on level 13 of the Dungeon)
 19588 | D:13     | Found a gate to the Vaults.
 19589 | D:13     | Noticed an ironheart preserver
 19712 | D:13     | Killed an ironheart preserver
 19808 | D:13     | Reached skill level 10 in Fighting
 19897 | D:13     | Reached skill level 10 in Armour
 20316 | D:13     | Noticed Kirke
 20385 | D:13     | Killed Kirke
 20386 | D:13     | Reached skill level 1 in Evocations
 20780 | D:13     | Reached XP level 15. HP: 94/126 MP: 23/27
 21635 | D:11     | Noticed Sonja
 21716 | D:11     | Killed Sonja
 22354 | Orc:2    | Bought a scroll of identify for 30 gold pieces
 22354 | Orc:2    | Bought a scroll of acquirement for 780 gold pieces
 22354 | Orc:2    | Bought a scroll of identify for 30 gold pieces
 22354 | Orc:2    | Bought a scroll of acquirement for 780 gold pieces
 22604 | D:15     | Entered Level 15 of the Dungeon
 23178 | D:15     | Got a warped quarterstaff
 23298 | D:15     | Identified the +8 quarterstaff "Fezunt" {antimagic, rElec
                  | rN++ Will- Dex+3} (You found it on level 15 of the Dungeon)
 23746 | D:15     | Learned a level 3 spell: Conjure Flame
 23750 | D:15     | Learned a level 3 spell: Mephitic Cloud
 24062 | D:15     | Reached skill level 1 in Poison Magic
 24072 | D:15     | Reached skill level 1 in Fire Magic
 24082 | D:15     | Reached skill level 1 in Air Magic
 24311 | D:15     | Found a staircase to the Depths.
 24516 | D:14     | Got a smoking leather armour
 24524 | D:14     | Got an ancient golden ring
 24637 | D:14     | Identified the cursed +0 leather armour "Ganenwuf" {Will+
                  | Int+2 Slay-6 Stlth+} (You found it on level 14 of the
                  | Dungeon)
 24653 | D:14     | Identified the ring "Xubaen" {rPois Str+3} (You found it on
                  | level 14 of the Dungeon)
 24752 | Lair:1   | Entered Level 1 of the Lair of Beasts
 25198 | Lair:1   | Found a transporter.
 25211 | Lair:1   | Found a transporter.
 25215 | Lair:1   | Noticed Descartes's ghost (novice TrCK)
 25570 | Lair:1   | Slain by a seven-headed hydra

Illustrated notes

Levels and vault maps discovered:
D:1:      minmay_arrival_split_and_join, layout_basic
D:2:      layout_basic, lightli_temple_of_fire, cheibriados_altar_1,
          elyvilon_altar_4, minmay_octomino_e4
D:3:      layout_basic, nicolae_overflow_crystal_walls,
          chequers_ecumenical_altar_simple, gammafunk_ghost_split, st_stairs_4,
          kennysheep_doodads, nicolae_gozag_seed_capital, uniq_jessica
D:4:      minmay_chambers_of_threes, layout_basic, nemelex_spade_bored_becter
D:5:      layout_cave_pods, marbit_many_paths, minmay_temple_entry_water_ring,
          serial_bayou_lagoon_a, minmay_ruined_shrine
D:6:      minmay_klotski, layout_rooms, nicolae_qazlal_style_of_elements
D:7:      layout_loops_cross, minmay_misc_feat_x, kennysheep_generic_room_11
D:8:      layout_cave_pools, kennysheep_mini, minmay_misc_feat_rows, uniq_harold
D:9:      layout_rooms, lemuel_doored_altar, lemuel_coloured_pillars_altar,
          zin_scriptorium, hiddenorc2_lemuel
D:10:     layout_cave_pools, serial_column_ruins, column_ruins_hut_ruined,
          column_ruins_open_small, column_ruins_open_medium,
          column_ruins_grid_2, column_ruins_columns_straight,
          column_ruins_columns_dead_end, column_ruins_columns_dead_end,
          column_ruins_open_tiny, enter_bailey_5, minmay_misc_feat_encased
D:11:     layout_basic, erik_lair_island, portal_ice_cave_entry_imps, uniq_sonja
D:12:     layout_cave_pools
D:13:     layout_loops_corners, skrybe_vaults_entry_preservation, uniq_kirke
D:14:     layout_roguey, infiniplex_staircase_zigzag_3, ice2_lemuel
D:15:     gammafunk_enter_depths_forms, layout_gridville,
          minmay_misc_feat_enclosed, minmay_statues_item, chequers_big_river
Temple:   nicolae_temple_hex_pool
Lair:1:   layout_hall_layers, gammafunk_ghost_berserking_beasts,
          serial_bayou_shore_b
Orc:1:    layout_caves, nicolae_volcano_entry_lava_flow, serial_shops, shop
Orc:2:    st_orc_pillars, layout_caves, gammafunk_ghost_split

Skill      XL: |  1  2  3  4  5  6  7  8  9 10 11 12 13 14 15 |
---------------+----------------------------------------------+-----
Conjurations   | 4 5 6 |  6.2
Fighting       | 2 3 5 6 8 10 | 10.0
Armour         | 2 3 5 8 10 | 10.0
Spellcasting   | 3 5 7 8 9 |  9.2
Necromancy     | 4 8 9 10 12 | 12.7
Dodging        | 2 3 6 7 |  7.0
Shields        | 8 13 15 | 15.0
Evocations     | 2 4 |  4.9
Poison Magic   | 4 |  4.0
Fire Magic     | 3 |  3.4
Air Magic      | 2 |  2.7
Stealth        | |  2.4

Action                   |  1- 3 |  4- 6 |  7- 9 | 10-12 | 13-15 || total
-------------------------+-------+-------+-------+-------+-------++-------
Melee: Club              |    45 |       |       |       |       ||    45
       Short sword       |    23 |    23 |    13 |    71 |       ||   130
       Falchion          |       |       |       |    47 |    23 ||    70
       Quarterstaff      |       |       |       |       |   559 ||   559
       Unarmed           |       |       |       |       |    41 ||    41
       Scimitar          |       |       |       |       |    13 ||    13
 Fire: Shortbow          |       |       |       |    63 |       ||    63
       Arbalest          |       |       |       |     6 |    53 ||    59
 Cast: Magic Dart        |    25 |     5 |    17 |    59 |    79 ||   185
       Searing Ray       |    10 |    23 |    71 |   209 |   302 ||   615
       Sublimation of Bl |       |       |     3 |    73 |    91 ||   167
       Vampiric Draining |       |       |       |    73 |   136 ||   209
       Dispel Undead     |       |       |       |     4 |    34 ||    38
       Conjure Flame     |       |       |       |       |     3 ||     3
Invok: Receive Necronomi |       |       |       |     1 |       ||     1
       Renounce Religion |       |       |       |     1 |       ||     1
       Potion Petition   |       |       |       |       |     1 ||     1
 Abil: Dig               |     3 |    12 |    14 |    50 |    89 ||   168
Evoke: Tin of tremorston |       |       |       |       |     2 ||     2
  Use: Scroll            |       |       |    10 |    10 |    15 ||    35
       Potion            |       |       |       |     3 |    12 ||    15
 Stab: Sleeping          |     1 |     2 |       |       |     6 ||     9
       Distracted        |       |       |       |       |     3 ||     3
Armor: Robe              |    37 |    18 |       |       |       ||    55
       Leather armour    |       |     4 |    25 |    45 |       ||    74
       Troll leather arm |       |       |       |    39 |   276 ||   315
Dodge: Dodged            |    86 |    38 |    51 |   188 |   493 ||   856
Block: Kite shield       |       |       |       |   138 |       ||   138
       Tower shield      |       |       |       |   197 |  1200 ||  1397
       Rpst.: Falchion   |       |       |       |     7 |     9 ||    16
       Scimitar          |       |       |       |       |     7 ||     7
